Map: Jagannatha LE

Players

Hellraiser

  • Race: Protoss Protoss

Lambo - Winner!

  • Race: Zerg Zerg

Event: DreamHack SC2 Masters 2021 Fall

VOD

Have the link to the VOD?

Description

Time

  • Played on: July 31, 2021, 11:03 a.m.
  • Length: 16:08

All games in this series

Show
View Real Time Build Order
Export as new Build Order

Hellraiser Protoss 

Build Orders: Nexus First, Carriers 

Get SALT Encoding   

  12  0:00  Probe  
  13  0:12  Probe  
  14  0:20  Pylon  
  14  0:24  Probe  
  15  0:38  Probe  
  16  0:50  Probe  
  17  1:00  Nexus  
  17  1:11  Gateway  
  17  1:14  Probe (Chrono Boost)  
  18  1:22  Assimilator  
  19  1:26  Probe (Chrono Boost)  
  19  1:28  Assimilator  
  19  1:32  Probe (Chrono Boost)  
  19  1:38  Pylon  
  20  1:41  Probe  
  22  1:57  Zealot (Chrono Boost)  
  22  1:58  Cybernetics Core  
  23  2:10  Gateway  
  23  2:14  Probe  
  24  2:20  Probe  
  27  2:27  Probe (Chrono Boost)  
  28  2:32  Pylon, Adept (Chrono Boost)  
  28  2:33  Probe (Chrono Boost)  
  30  2:44  Probe (Chrono Boost)  
  30  2:47  Stargate, Probe (Chrono Boost)  
  30  2:50  Probe (Chrono Boost)  
  32  2:54  Probe  
  32  2:57  Adept  
  35  3:02  Probe (Chrono Boost)  
  36  3:07  Probe (Chrono Boost)  
  37  3:16  Assimilator  
  37  3:19  Probe (Chrono Boost)  
  39  3:20  Probe (Chrono Boost)  
  39  3:22  Void Ray (Chrono Boost)  
  39  3:24  Probe (Chrono Boost)  
  41  3:27  Probe (Chrono Boost)  
  41  3:30  Assimilator  
  41  3:32  Pylon  
  41  3:34  Probe  
  46  3:44  Pylon  
  46  3:50  Probe x2  
  46  3:54  Stargate  
  48  4:00  Protoss Air Weapons Level 1, Void Ray (Chrono Boost)  
  48  4:02  Probe x2  
  52  4:14  Probe x2  
  54  4:26  Nexus  
  54  4:28  Void Ray (Chrono Boost)  
  54  4:29  Pylon  
  58  4:41  Void Ray (Chrono Boost)  
  62  4:47  Probe x2  
  62  4:48  Shield Battery  
  64  4:58  Pylon  
  64  4:59  Probe x2  
  70  5:08  Void Ray (Chrono Boost)  
  70  5:11  Pylon  
  70  5:13  Void Ray (Chrono Boost)  
  70  5:14  Forge  
  70  5:16  Probe  
  75  5:23  Probe  
  75  5:27  Shield Battery  
  75  5:28  Probe  
  77  5:35  Probe  
  78  5:39  Probe  
  78  5:40  Probe  
  78  5:41  Void Ray (Chrono Boost)  
  84  5:43  Void Ray (Chrono Boost)  
  84  5:47  Probe  
  89  5:51  Probe  
  89  5:52  Probe  
  91  5:58  Fleet Beacon  
  91  6:01  Probe  
  91  6:03  Probe  
  93  6:04  Probe  
  93  6:10  Assimilator  
  94  6:13  Photon Cannon, Probe  
  94  6:14  Assimilator  
  94  6:15  Probe  
  94  6:16  Pylon  
  96  6:20  Probe  
  98  6:25  Probe  
  98  6:31  Probe  
  98  6:32  Probe  
  100  6:37  Probe  
  101  6:46  Pylon x2  
  107  6:51  Photon Cannon  
  107  6:56  Carrier (Chrono Boost)  
  107  7:00  Stargate  
  107  7:03  Probe x2  
  107  7:04  Probe  
  116  7:10  Photon Cannon  
  116  7:11  Protoss Air Weapons Level 2  
  116  7:12  Shield Battery  
  116  7:20  Flux Vanes  
  116  7:23  Photon Cannon  
  116  7:25  Shield Battery  
  116  7:31  Nexus  
  116  7:33  Pylon  
  115  7:41  Photon Cannon  
  121  7:46  Carrier (Chrono Boost)  
  121  7:51  Pylon  
  127  7:55  Stargate  
  127  7:57  Pylon, Carrier (Chrono Boost)  
  127  8:00  Probe x3  
  130  8:08  Photon Cannon, Carrier (Chrono Boost)  
  130  8:12  Probe  
  130  8:14  Probe  
  130  8:19  Pylon  
  131  8:20  Pylon  
  131  8:29  Nexus  
  131  8:30  Pylon  
  131  8:31  Pylon  
  129  8:36  Nexus  
  129  8:39  Carrier (Chrono Boost)  
  141  8:50  Carrier (Chrono Boost)  
  141  8:53  Carrier (Chrono Boost)  
  147  9:03  Probe x2  
  147  9:04  Probe  
  147  9:08  Carrier (Chrono Boost)  
  156  9:15  Probe  
  156  9:16  Photon Cannon  
  158  9:24  Probe  
  158  9:26  Pylon  
  158  9:30  Assimilator, Pylon  
  164  9:31  Assimilator  
  164  9:41  Carrier (Chrono Boost)  
  164  9:43  Protoss Air Weapons Level 3 (Chrono Boost)  
  164  9:45  Shield Battery x2  
  170  9:46  Robotics Facility, Carrier (Chrono Boost)  
  170  9:57  Photon Cannon  
  170  9:59  Carrier (Chrono Boost)  
  176  10:13  Carrier (Chrono Boost)  
  182  10:17  Stargate  
  180  10:29  Photon Cannon  
  180  10:31  Photon Cannon  
  180  10:34  Observer  
  177  10:38  Phoenix (Chrono Boost)  
  180  10:44  Phoenix (Chrono Boost)  
  180  10:49  Phoenix (Chrono Boost)  
  182  10:56  Anion Pulse-Crystals  
  184  10:58  Stargate  
  184  11:00  Phoenix x2 (Chrono Boost)  
  188  11:09  Phoenix (Chrono Boost)  
  188  11:11  Photon Cannon, Phoenix (Chrono Boost)  
  192  11:13  Phoenix (Chrono Boost)  
  192  11:17  Observer  
  190  11:18  Phoenix  
  192  11:27  Phoenix x2  
  195  11:33  Phoenix  
  195  11:35  Phoenix  
  199  11:49  Observer  
  192  12:29  Probe  
  179  12:31  Phoenix x2 (Chrono Boost)  
  179  12:35  Phoenix (Chrono Boost)  
  169  12:37  Phoenix (Chrono Boost)  
  169  12:38  Phoenix (Chrono Boost)  
  153  12:48  Probe x3  
  153  12:49  Probe  
  153  12:50  Phoenix (Chrono Boost)  
  150  12:51  Phoenix (Chrono Boost)  
  150  12:55  Phoenix (Chrono Boost)  
  150  12:56  Phoenix (Chrono Boost)  
  160  13:02  Void Ray (Chrono Boost)  
  160  13:03  Phoenix x2 (Chrono Boost)  
  160  13:05  Phoenix (Chrono Boost)  
  160  13:12  Void Ray (Chrono Boost)  
  166  13:14  Protoss Air Armor Level 1, Void Ray (Chrono Boost)  
  166  13:16  Void Ray (Chrono Boost)  
  166  13:17  Void Ray (Chrono Boost)  
  166  13:19  Pylon  
  173  13:20  Phoenix  
  173  13:24  Observer  
  184  13:32  Void Ray  
  184  13:40  Void Ray (Chrono Boost)  
  188  13:44  Void Ray (Chrono Boost)  
  188  13:47  Void Ray (Chrono Boost)  
  200  14:09  Observer  
  200  14:15  Phoenix (Chrono Boost)  
  200  14:30  Pylon  
  200  14:57  Pylon, Nexus  
  200  15:07  Phoenix (Chrono Boost)  
  200  15:16  Photon Cannon  
  200  15:17  Pylon, Shield Battery  
Show
View Real Time Build Order
Export as new Build Order

Lambo Zerg - Winner!

Build Orders: Pool First 

Get SALT Encoding   

  12  0:00  Drone  
  13  0:12  Overlord  
  13  0:16  Drone  
  14  0:30  Drone x2  
  14  0:35  Drone  
  17  0:43  Spawning Pool  
  17  0:47  Drone  
  17  1:03  Drone  
  18  1:11  Hatchery  
  17  1:20  Extractor  
  17  1:21  Drone  
  17  1:30  Zergling x4  
  17  1:32  Queen  
  21  1:39  Overlord  
  21  1:49  Drone  
  22  1:59  Drone  
  23  2:07  Queen  
  25  2:12  Drone  
  26  2:21  Drone  
  27  2:23  Drone  
  28  2:32  Hatchery  
  28  2:34  Drone x2  
  29  2:41  Metabolic Boost  
  29  2:44  Drone x2  
  29  2:50  Drone  
  32  2:52  Overlord  
  32  2:57  Drone  
  33  3:03  Drone x2  
  35  3:09  Queen, Drone  
  38  3:16  Drone x2  
  38  3:18  Overlord  
  40  3:24  Queen  
  40  3:25  Drone  
  43  3:28  Drone  
  43  3:31  Overlord  
  44  3:40  Drone x2  
  46  3:41  Drone  
  46  3:45  Queen  
  46  3:46  Queen  
  51  3:49  Drone x2  
  51  3:51  Drone  
  51  3:55  Overlord  
  54  3:58  Drone x2  
  55  4:03  Drone x3  
  55  4:07  Overlord  
  57  4:12  Overlord  
  57  4:14  Drone  
  57  4:16  Drone  
  59  4:19  Zergling x2  
  59  4:20  Zergling x4  
  59  4:22  Drone  
  63  4:29  Lair, Spore Crawler  
  62  4:31  Drone x3  
  62  4:32  Extractor  
  62  4:33  Extractor  
  62  4:36  Drone, Roach Warren  
  63  4:39  Drone  
  63  4:40  Drone  
  63  4:43  Queen  
  67  4:47  Drone x3  
  67  4:48  Drone  
  70  4:53  Zergling x4  
  70  4:57  Drone x5  
  77  5:01  Overlord  
  77  5:03  Drone x2  
  79  5:07  Extractor  
  79  5:08  Extractor, Drone  
  79  5:09  Extractor  
  79  5:12  Queen  
  80  5:14  Drone x2  
  80  5:17  Drone  
  80  5:20  Drone x2  
  84  5:23  Queen  
  84  5:25  Overlord  
  86  5:31  Drone x2  
  86  5:32  Drone  
  89  5:37  Queen, Spire  
  89  5:41  Overlord  
  90  5:43  Overlord  
  90  5:46  Spore Crawler, Drone x2  
  90  5:48  Drone x2  
  93  5:50  Queen  
  93  5:53  Drone  
  93  5:55  Drone  
  97  5:59  Queen  
  99  6:04  Drone  
  99  6:05  Evolution Chamber  
  99  6:07  Overseer  
  99  6:08  Drone x2  
  99  6:09  Drone x2  
  102  6:13  Queen  
  102  6:15  Hatchery  
  103  6:20  Drone  
  103  6:24  Overlord  
  104  6:26  Queen  
  104  6:28  Overlord  
  104  6:29  Overseer, Drone x4  
  110  6:35  Queen  
  110  6:42  Drone x8  
  118  6:48  Queen  
  118  6:49  Zerg Flyer Armor Level 1  
  118  6:53  Evolution Chamber  
  119  6:55  Spore Crawler, Infestation Pit  
  119  6:57  Drone x3  
  119  6:58  Drone  
  121  7:01  Queen  
  123  7:10  Queen  
  123  7:11  Extractor  
  123  7:12  Extractor  
  123  7:13  Zerg Ground Armor Level 1  
  122  7:16  Zergling x14  
  129  7:23  Overlord  
  129  7:27  Drone x6  
  134  7:40  Hatchery, Pathogen Glands  
  134  7:41  Hive  
  134  7:42  Zerg Melee Weapons Level 1  
  132  7:46  Queen x3, Baneling Nest  
  132  7:50  Zergling x10  
  142  8:02  Evolution Chamber, Glial Reconstitution  
  142  8:05  Infestor  
  143  8:06  Overlord  
  143  8:07  Overlord x2  
  143  8:09  Overlord  
  143  8:11  Overlord  
  143  8:13  Overlord  
  143  8:14  Overlord x2  
  143  8:23  Overlord  
  143  8:25  Overlord  
  143  8:26  Overlord  
  139  8:28  Infestor x8  
  153  8:35  Zerg Missile Weapons Level 1  
  153  8:38  Drone x10  
  163  8:41  Infestor  
  163  8:43  Burrow  
  163  8:44  Overseer  
  163  8:46  Zergling x2  
  163  8:47  Zergling x6  
  169  8:54  Zerg Flyer Armor Level 2  
  168  9:00  Spire  
  168  9:01  Extractor  
  168  9:02  Extractor, Zergling x12, Ultralisk Cavern  
  168  9:10  Zergling x16  
  176  9:18  Drone x3  
  176  9:19  Drone x3  
  176  9:20  Baneling  
  176  9:22  Spore Crawler  
  176  9:23  Spore Crawler  
  176  9:24  Overseer  
  180  9:25  Overlord, Pneumatized Carapace  
  180  9:28  Zerg Ground Armor Level 2  
  180  9:29  Viper x2  
  180  9:30  Viper  
  189  9:33  Overlord  
  186  9:45  Adrenal Glands  
  186  9:51  Chitinous Plating  
  185  9:58  Overseer  
  185  10:09  Drone x2  
  185  10:10  Drone x4  
  185  10:12  Spore Crawler  
  190  10:15  Spore Crawler  
  190  10:17  Corruptor x5  
  190  10:18  Spore Crawler, Hatchery  
  190  10:19  Spore Crawler x2  
  190  10:20  Spore Crawler x2, Zerg Flyer Weapons Level 1  
  190  10:21  Spore Crawler x3  
  192  10:23  Spore Crawler  
  192  10:25  Spore Crawler  
  188  10:29  Overlord  
  188  10:31  Zerg Melee Weapons Level 2  
  188  10:33  Zerg Missile Weapons Level 2  
  188  10:34  Corruptor x4  
  188  10:35  Overseer  
  196  10:36  Drone x2  
  198  10:53  Spore Crawler x2, Overseer  
  198  10:54  Drone x4  
  200  11:05  Spore Crawler  
  200  11:07  Spore Crawler  
  200  11:08  Spore Crawler  
  200  11:09  Spore Crawler  
  196  11:12  Greater Spire  
  196  11:14  Extractor  
  196  11:15  Extractor  
  194  11:22  Corruptor  
  194  11:23  Corruptor x2  
  200  11:28  Spore Crawler  
  200  11:29  Spore Crawler x2  
  200  11:30  Spore Crawler  
  196  11:36  Corruptor x2  
  200  11:41  Infestor x8  
  200  11:50  Infestor  
  200  11:51  Infestor  
  200  11:56  Infestor x3  
  200  11:57  Spore Crawler  
  200  11:58  Spore Crawler x3  
  200  12:00  Spore Crawler  
  194  12:01  Corruptor x2  
  194  12:18  Corruptor x6  
  193  12:23  Corruptor x4  
  193  12:28  Corruptor x3  
  195  12:44  Viper  
  195  12:50  Zerg Missile Weapons Level 3  
  195  12:51  Zerg Melee Weapons Level 3  
  198  12:53  Zerg Ground Armor Level 3  
  198  12:59  Overlord  
  198  13:14  Zerg Flyer Armor Level 3  
  198  13:15  Zerg Flyer Weapons Level 2  
  198  13:26  Overlord  
  198  13:33  Drone x2  
  197  13:47  Infestor  
  197  13:48  Infestor x2  
  196  14:00  Spore Crawler, Viper  
  196  14:02  Spore Crawler x2  
  196  14:03  Viper, Spore Crawler  
  196  14:05  Drone x2  
  200  14:14  Spore Crawler  
  200  14:15  Spore Crawler  
  192  14:17  Viper  
  192  14:23  Drone x4  
  199  14:32  Spore Crawler  
  199  14:33  Spore Crawler x2  
  199  14:35  Spore Crawler  
  199  14:36  Spore Crawler  
  199  14:37  Spore Crawler, Drone x5  
  198  14:39  Spore Crawler  
  198  14:41  Corruptor  
  199  15:07  Overseer  
  199  15:20  Viper  
  199  15:24  Zergling x2  

Tags
 
Add a new tag
Caveats
  • Supply blocks, unpowered buildings, or Contaminate may cause inaccurate times.
  • Supply counts are checked every 10 seconds.